[Event "Titled Tuesday Blitz May 30 Late 2023"]
[White "Garakov, Mikhael"]
[Black "Simonian, Hrair"]
[WhiteFideId "4169034"]
[BlackFideId "13302337"]
[WhiteElo "2347"]
[BlackElo "2447"]
[Result "1-0"]
[Round "04"]
[TimeControl "180+2"]
[Date "2023.05.31"]
[WhiteClock "0:00:05"]
[BlackClock "0:00:08"]

1. e4 c5 2. Nf3 e6 3. c4 Nc6 4. Nc3 e5 5. Be2 d6 6. O-O Nf6 7. d3 Be7 8. Ne1 Nd4 9. a3 O-O 10. b4 g6 11. f4 Nxe2+ 12. Qxe2 exf4 13. Bxf4 Nh5 14. Bh6 Bf6 15. Rc1 Bd4+ 16. Be3 Qg5 17. Nd5 Be6 18. Bxd4 cxd4 19. Nf3 Bg4 20. Nxg5 Bxe2 21. Rf2 Bxd3 22. g4 f6 23. Ne6 Rfe8 24. Nec7 Rxe4 25. h3 Rf8 26. gxh5 f5 27. hxg6 hxg6 28. Rd2 Be2 29. Re1 d3 30. Nc3 Rxc4 31. Nxe2 dxe2 32. Nd5 Rh4 33. Kg2 Kg7 34. Rexe2 Rf7 35. Re7 Re4 36. Rxe4 fxe4 37. Nc3 Rf3 38. Nxe4 Rxa3 39. Rxd6 b6 40. Rd7+ Kh6 41. Rc7 a5 42. b5 Rb3 43. Nd6 Kg5 44. Rc6 a4 45. Rxb6 a3 46. Ra6 Rb2+ 47. Kf3 Rb3+ 48. Ke4 Rxh3 49. Nc4 Rh4+ 50. Kd5 Kf4 51. Rxa3 g5 52. b6 g4 53. b7 Rh5+ 54. Kc6 Rh6+ 55. Nd6 g3 56. b8=Q g2 57. Qb4+ Kg5 58. Rg3+ 1-0


[Site "https://www.chess.com"]

[Event "Titled Tuesday Blitz May 30 Late 2023"]
[White "Tissir, Mohamed"]
[Black "Yanchenko, Roman"]
[WhiteFideId "9000240"]
[BlackFideId "4137329"]
[WhiteElo "2458"]
[BlackElo "2491"]
[Result "0-1"]
[Round "04"]
[TimeControl "180+2"]
[Date "2023.05.31"]
[WhiteClock "0:00:18"]
[BlackClock "0:00:18"]

1. e4 e6 2. d4 d5 3. Nc3 Bb4 4. exd5 exd5 5. Bd3 Nf6 6. Nf3 O-O 7. O-O h6 8. h3 c6 9. Ne2 Re8 10. c3 Bd6 11. Bf4 a6 12. Bxd6 Qxd6 13. Ng3 Be6 14. Re1 Nbd7 15. Qd2 Qc7 16. Re2 Nf8 17. Rae1 Bd7 18. Ne5 Re7 19. Nxd7 Rxd7 20. Nf5 Ng6 21. g3 Rdd8 22. h4 a5 23. a4 Re8 24. Rxe8+ Rxe8 25. Rxe8+ Nxe8 26. Qe3 Kf8 27. Kg2 Nf6 28. f3 Ne8 29. h5 Ne7 30. Nh4 Nf6 31. g4 Qd6 32. Qe5 Qxe5 33. dxe5 Nd7 34. f4 f6 35. e6 Nc5 36. Bf5 Nxa4 37. b4 b6 38. bxa5 bxa5 39. Bc2 Nxc3 40. Ng6+ Nxg6 41. hxg6 a4 42. Kf2 a3 43. g5 hxg5 0-1


[Site "https://www.chess.com"]

[Event "Titled Tuesday Blitz May 30 Late 2023"]
[White "ElDivis"]
[Black "Pulpan, Jakub"]
[BlackFideId "302759"]
[WhiteElo "2527"]
[BlackElo "2484"]
[Result "1-0"]
[Round "04"]
[TimeControl "180+2"]
[Date "2023.05.31"]
[WhiteClock "0:00:13"]
[BlackClock "0:00:03"]

1. e4 e5 2. Nf3 Nc6 3. Bc4 Nf6 4. d3 Bc5 5. O-O a6 6. Nc3 h6 7. Nd5 d6 8. Be3 Ba7 9. Bxa7 Rxa7 10. d4 O-O 11. dxe5 dxe5 12. Qd3 Bg4 13. c3 Ra8 14. h3 Be6 15. Rad1 Re8 16. Nxf6+ Qxf6 17. Bxe6 Rxe6 18. Qd7 Re7 19. Qd5 Rd8 20. Qb3 Rb8 21. Rd5 g6 22. Rfd1 Kg7 23. Rd7 b5 24. Rxe7 Qxe7 25. Qd5 Rd8 26. Qb3 Rd6 27. Rd5 Qe6 28. Qd1 Ne7 29. Rxd6 cxd6 30. b3 d5 31. exd5 Nxd5 32. Qe1 e4 33. Nd4 Qe5 34. Nf3 Qxc3 35. Qxe4 Nf6 36. Qe2 h5 37. g3 Qc8 38. Kg2 Qc6 39. Qe5 Kf8 40. Qf4 Nd5 41. Qe4 Ne7 42. Nd2 Ke8 43. Kf3 Qc3+ 44. Qe3 Qb2 45. Ne4 Qxa2 46. Nf6+ Kd8 47. Qd4+ Kc7 48. Qd7+ Kb6 49. Qxe7 Qxb3+ 50. Kg2 Qc4 51. Qd6+ Qc6+ 52. Qxc6+ Kxc6 53. Kf3 a5 54. Ke3 a4 55. Kd3 Kc5 56. Kc3 b4+ 57. Kb2 Kd4 58. Ne8 a3+ 59. Kb3 Kd3 60. Nd6 Ke2 61. Nxf7 Kxf2 62. Ne5 g5 63. g4 h4 64. Nf7 Kg2 65. Nxg5 Kg3 66. Ne4+ Kxh3 67. g5 Kg2 68. g6 h3 69. g7 h2 70. g8=Q+ Kf1 71. Ng3+ Kg2 72. Ne2+ Kf1 73. Qh7 Kg2 74. Qg6+ Kf1 75. Qh5 Kg2 76. Qg4+ Kf1 77. Qh3+ 1-0


[Site "https://www.chess.com"]

[Event "Titled Tuesday Blitz May 30 Late 2023"]
[White "Panesar Vedant"]
[Black "Prem, Pranav"]
[WhiteFideId "35033018"]
[BlackFideId "30901057"]
[WhiteElo "2347"]
[BlackElo "1970"]
[Result "0-1"]
[Round "04"]
[TimeControl "180+2"]
[Date "2023.05.31"]
[WhiteClock "0:00:09"]
[BlackClock "0:00:11"]

1. e4 e6 2. d4 d5 3. e5 c5 4. c3 Nc6 5. Nf3 Bd7 6. Be2 Qb6 7. O-O Nge7 8. dxc5 Qxc5 9. b4 Qb6 10. Na3 Ng6 11. Be3 Qd8 12. Bd4 Be7 13. Nc2 O-O 14. Re1 f6 15. exf6 Bxf6 16. b5 Nce7 17. Bd3 Rc8 18. Qd2 Qc7 19. Qe3 Nf4 20. Rac1 Rce8 21. Bxa7 Qxc3 22. Bxh7+ Kxh7 23. Qxf4 Qa5 24. Bd4 Ng6 25. Qg4 e5 26. Qh5+ Kg8 27. Bc5 Nf4 28. Bxf8 Nxh5 29. Bb4 Qxb5 30. a3 e4 31. Nfd4 Qc4 32. Ne2 Bg5 33. Ne3 Qb5 34. Nd4 Qa4 35. Rcd1 Bc6 36. Ndf5 Nf4 37. Ng4 Nd3 38. Re2 Qxd1+ 0-1


[Site "https://www.chess.com"]

[Event "Titled Tuesday Blitz May 30 Late 2023"]
[White "Brodowski, Piotr"]
[Black "Petukhov, Dmitry"]
[WhiteFideId "1124480"]
[BlackFideId "4142748"]
[WhiteElo "2351"]
[BlackElo "2311"]
[Result "1/2-1/2"]
[Round "04"]
[TimeControl "180+2"]
[Date "2023.05.31"]
[WhiteClock "0:00:15"]
[BlackClock "0:00:19"]

1. e4 c5 2. Nc3 Nc6 3. Bb5 d6 4. Bxc6+ bxc6 5. f4 f5 6. d3 fxe4 7. dxe4 Nf6 8. Nf3 Bg4 9. h3 Bxf3 10. Qxf3 e6 11. e5 Nd5 12. exd6 Bxd6 13. Ne4 O-O 14. Nxd6 Qxd6 15. O-O c4 16. Qe4 c3 17. bxc3 Nxc3 18. Qc4 Qd4+ 19. Qxd4 Ne2+ 20. Kh2 Nxd4 21. c3 Ne2 22. Ba3 Rxf4 23. Rfe1 Nxc3 24. Rxe6 Nb5 25. Bc5 Rc4 26. Bg1 Rf8 27. a4 Nd4 28. Re7 a5 29. Rb1 h5 30. Bxd4 Rxd4 31. Rbb7 Rf6 32. Rxg7+ Kf8 33. Rh7 Kg8 34. Rxh5 Rxa4 35. Ra7 Rf7 36. Rg5+ Kf8 37. Raxa5 Rxa5 38. Rxa5 Rc7 39. h4 c5 40. Ra3 c4 41. Rc3 Ke7 42. g4 Kd6 43. Kg3 Kd5 44. h5 Kd4 45. Rc1 c3 46. g5 c2 47. h6 Ke5 48. Kg4 Ke6 49. Kh5 Kf7 50. g6+ Kg8 51. h7+ Kg7 52. Kg5 Rc5+ 53. Kf4 Rc8 54. Kf5 Rc6 55. Rh1 Rf6+ 56. Ke5 Rf8 57. Rg1 Rc8 58. Rh1 c1=Q 59. h8=Q+ Rxh8 60. Rxc1 Kxg6 61. Rg1+ Kf7 62. Ra1 Rh5+ 63. Kf4 Rh6 64. Ra7+ 1/2-1/2


[Site "https://www.chess.com"]

[Event "Titled Tuesday Blitz May 30 Late 2023"]
[White "Ladan, Nicholas"]
[Black "Jaracz, Pawel"]
[WhiteFideId "30918855"]
[BlackFideId "1102222"]
[WhiteElo "2167"]
[BlackElo "2438"]
[Result "1-0"]
[Round "04"]
[TimeControl "180+2"]
[Date "2023.05.31"]
[WhiteClock "0:00:20"]
[BlackClock "0:00:08"]

1. d4 Nf6 2. Nc3 d6 3. e4 e5 4. Nf3 Nbd7 5. Bc4 Be7 6. a4 O-O 7. O-O h6 8. h3 Re8 9. Nh4 exd4 10. Qxd4 Nc5 11. Nf5 Bf8 12. Ng3 Be6 13. Bd3 Nxd3 14. Qxd3 d5 15. exd5 Nxd5 16. Nxd5 Qxd5 17. Qxd5 Bxd5 18. Rd1 Rad8 19. Be3 a5 20. Bf4 c6 21. Bc7 Ra8 22. Re1 Rxe1+ 23. Rxe1 b5 24. Ra1 b4 25. Re1 Bc5 26. Nf5 Be6 27. g4 g6 28. Nxh6+ Kh7 29. g5 Bd4 30. Be5 Bc5 31. Ng4 Bxg4 32. hxg4 Re8 33. Kg2 Bd4 34. Rh1+ 1-0


[Site "https://www.chess.com"]

[Event "Titled Tuesday Blitz May 30 Late 2023"]
[White "Tristan, Leonardo"]
[Black "Bringas Gomez, Artai"]
[WhiteFideId "113816"]
[BlackFideId "24534064"]
[WhiteElo "2461"]
[BlackElo "2179"]
[Result "0-1"]
[Round "04"]
[TimeControl "180+2"]
[Date "2023.05.31"]
[WhiteClock "0:00:06"]
[BlackClock "0:00:24"]

1. d4 d5 2. Nf3 c6 3. Bf4 Bf5 4. e3 e6 5. c4 Qb6 6. Qb3 Bxb1 7. Rxb1 Bb4+ 8. Kd1 Be7 9. c5 Qxb3+ 10. axb3 Nd7 11. b4 a6 12. Ra1 Rc8 13. Nd2 Bd8 14. Nb3 Bc7 15. Bxc7 Rxc7 16. Bd3 Ngf6 17. b5 cxb5 18. Bxb5 Ke7 19. Bd3 Nb8 20. Ra4 Nc6 21. f4 h6 22. Nd2 g5 23. g3 g4 24. b4 h5 25. Kc2 h4 26. Rb1 hxg3 27. hxg3 Rh3 28. Rg1 Nh5 29. Nf1 f5 30. Kc3 Rc8 31. Ra2 Nf6 32. b5 axb5 33. Bxb5 Ne4+ 34. Kb3 Kd7 35. Rag2 Rch8 36. Nd2 Nf6 37. Kc3 Rh1 38. Kd3 Rxg1 39. Rxg1 Rh3 40. Bxc6+ Kxc6 41. Nb3 Ne4 42. Na5+ Kb5 43. Nxb7 Rxg3 44. Rb1+ Kc6 45. Na5+ Kc7 46. Kc2 Rg2+ 47. Kd1 Rg1+ 48. Kc2 Rxb1 49. Kxb1 g3 0-1


[Site "https://www.chess.com"]

[Event "Titled Tuesday Blitz May 30 Late 2023"]
[White "Janaszak, Dawid"]
[Black "Kushko, Dmitriy"]
[WhiteFideId "1119206"]
[BlackFideId "14162261"]
[WhiteElo "2220"]
[BlackElo "2230"]
[Result "1-0"]
[Round "04"]
[TimeControl "180+2"]
[Date "2023.05.31"]
[WhiteClock "0:00:21"]
[BlackClock "0:00:03"]

1. e4 g6 2. Nc3 Bg7 3. Bc4 c5 4. h4 h5 5. Qf3 e6 6. d4 Nc6 7. dxc5 Qa5 8. Bd2 Qxc5 9. Bd3 Nf6 10. Nge2 Ng4 11. O-O Bf6 12. Qg3 Qe7 13. Nb5 O-O 14. Bc3 Bxh4 15. Qf4 a6 16. Nd6 e5 17. Nxc8 Raxc8 18. Qf3 Nd8 19. a3 Ne6 20. Bb4 d6 21. g3 Bg5 22. Rad1 Rfd8 23. Nc3 Nf6 24. Qg2 Nc5 25. f4 Bh6 26. fxe5 Qxe5 27. Qf2 Bg7 28. Nd5 Ncd7 29. Bc3 Qe6 30. Nxf6+ Nxf6 31. Bxf6 Re8 32. Bxg7 Kxg7 33. Qd4+ Qe5 34. Qxe5+ dxe5 35. Rf2 Re7 36. c3 Rec7 37. Bc2 Rc6 38. Rfd2 R8c7 39. Bb3 f5 40. Bd5 Rb6 41. c4 Kh6 42. Re1 Kg5 43. Rde2 f4 44. gxf4+ exf4 45. e5 Kh6 46. e6 Re7 47. Kg2 g5 48. Re5 Rb3 49. R1e2 Rg3+ 50. Kf2 Rh3 51. Bg2 Rh4 52. Rf5 Kg6 53. Be4 Rh2+ 54. Kf1 Rxe2 55. Kxe2 Kh6 56. Bd5 h4 57. Rf7 Re8 58. Kf3 h3 59. Be4 g4+ 60. Kxg4 1-0


[Site "https://www.chess.com"]

[Event "Titled Tuesday Blitz May 30 Late 2023"]
[White "Prado Lobo, Jonas"]
[Black "Timmermans, Mark"]
[WhiteFideId "32050666"]
[BlackFideId "1026399"]
[WhiteElo "2322"]
[BlackElo "2460"]
[Result "0-1"]
[Round "04"]
[TimeControl "180+2"]
[Date "2023.05.31"]
[WhiteClock "0:00:02"]
[BlackClock "0:00:20"]

1. d4 Nf6 2. Nc3 d5 3. Bf4 e6 4. Nb5 Na6 5. e3 c6 6. Nc3 Bb4 7. Bxa6 bxa6 8. Ne2 O-O 9. O-O a5 10. Qd3 c5 11. a3 c4 12. Qd1 Be7 13. Ng3 Bb7 14. h3 Nd7 15. Qg4 f5 16. Qh5 Rf6 17. Bg5 Rg6 18. Bxe7 Qxe7 19. Nge2 Rf8 20. f4 Bc6 21. Kh2 Nf6 22. Qf3 Be8 23. Ng1 Rh6 24. Qe2 Bh5 25. Nf3 Ne4 26. Qe1 Bxf3 27. Rxf3 Nd6 28. Na4 Nb7 29. Rg3 Qd7 30. Nc5 Nxc5 31. dxc5 Qb5 32. Qc3 Rhf6 33. b4 h6 34. Rb1 axb4 35. axb4 a5 36. Rb2 axb4 37. Qxb4 Qxb4 38. Rxb4 Rc8 39. Rb5 Rf7 40. Rg6 Re7 41. h4 Kf7 42. h5 Rec7 43. Rb6 Rc6 44. Rb7+ R8c7 45. Rb8 Rxc5 46. g4 fxg4 47. Kg3 d4 48. exd4 Rxh5 49. Rxg4 Rd5 50. c3 Ra5 51. Rb6 Ra3 52. f5 Rxc3+ 53. Kh4 exf5 54. Rf4 g5+ 55. Kh5 Rh3+ 56. Rh4 Rxh4# 0-1


[Site "https://www.chess.com"]

[Event "Titled Tuesday Blitz May 30 Late 2023"]
[White "Goltsev, Dmitry"]
[Black "Estrada Nieto, Julian"]
[WhiteFideId "24176710"]
[BlackFideId "5101018"]
[WhiteElo "2356"]
[BlackElo "2161"]
[Result "1/2-1/2"]
[Round "04"]
[TimeControl "180+2"]
[Date "2023.05.31"]
[WhiteClock "0:00:52"]
[BlackClock "0:00:16"]

1. e4 e5 2. Nf3 Nc6 3. Bb5 a6 4. Ba4 Nf6 5. O-O Be7 6. Re1 b5 7. Bb3 d6 8. c3 O-O 9. d4 Bg4 10. h3 Bxf3 11. gxf3 Na5 12. Bc2 Nd7 13. Nd2 Bg5 14. Nf1 h6 15. Ng3 g6 16. Kh2 Nc4 17. Rg1 Kh7 18. b3 Ncb6 19. Be3 Qf6 20. Qe2 Bf4 21. Rg2 h5 22. Qd2 b4 23. Bxf4 bxc3 24. Qxc3 Qxf4 25. Qe3 c5 26. d5 Rac8 27. Qxf4 exf4 28. Ne2 Ne5 29. Nxf4 Nxf3+ 30. Kh1 Nd4 31. Bd3 Nd7 32. Bxa6 Ra8 33. Bc4 Ne5 34. a4 Rfb8 35. Rg3 Nxc4 36. bxc4 Rb4 37. a5 Nb3 38. Ra2 Rxa5 39. Rc2 Nd4 40. Rcc3 Rb1+ 41. Rg1 Rxg1+ 42. Kxg1 g5 43. Kg2 gxf4 44. Rc1 h4 45. Rb1 f3+ 46. Kg1 Ra4 47. Rb6 Rxc4 48. Rxd6 Rc1+ 49. Kh2 Rf1 50. Rd7 Kg6 51. Rc7 Rxf2+ 52. Kg1 Rg2+ 53. Kf1 Ne2 54. Rc6+ Kg5 55. Rxc5 Ng3+ 56. Ke1 f2+ 57. Kd2 f1=Q+ 58. Kc3 Qc1+ 59. Kd4 Rd2+ 60. Ke5 Qxc5 1/2-1/2


[Site "https://www.chess.com"]

[Event "Titled Tuesday Blitz May 30 Late 2023"]
[White "Gil Alba, Hector Luis"]
[Black "Domingo Nunez, Ruben"]
[WhiteFideId "3504670"]
[BlackFideId "22245570"]
[WhiteElo "2331"]
[BlackElo "2404"]
[Result "0-1"]
[Round "04"]
[TimeControl "180+2"]
[Date "2023.05.31"]
[WhiteClock "0:00:01"]
[BlackClock "0:00:06"]

1. e4 Nf6 2. e5 Nd5 3. Nc3 Nb6 4. d4 d6 5. Nf3 Bg4 6. h3 Bh5 7. e6 fxe6 8. g4 Bf7 9. Ng5 Bg8 10. Bd3 Qd7 11. Qf3 Nc6 12. Be3 O-O-O 13. O-O-O Nb4 14. Bb5 c6 15. Be2 N4d5 16. Nce4 Nf6 17. c4 h6 18. Nxf6 exf6 19. Ne4 f5 20. Nc3 g5 21. d5 f4 22. Bxb6 axb6 23. Na4 Qc7 24. Kb1 exd5 25. cxd5 b5 26. Bxb5 Qa5 27. dxc6 Qxb5 28. cxb7+ Kb8 29. Nc3 Qxb7 30. Qe2 Bg7 31. Qd2 Qb4 32. Ka1 Bc4 33. Rhe1 Be5 34. Qc2 Qa5 35. Re4 Rc8 36. a3 Ba6 37. Rb4+ Ka7 38. Qb3 Rc7 39. Nd5 Rb7 40. Rxb7+ Bxb7 41. Nb4 Rc8 42. Re1 Rc5 0-1


[Site "https://www.chess.com"]

[Event "Titled Tuesday Blitz May 30 Late 2023"]
[White "Goncalves, Davi Sulzbacher"]
[Black "Rosen, Eric"]
[WhiteFideId "2154510"]
[BlackFideId "2032562"]
[WhiteElo "2182"]
[BlackElo "2331"]
[Result "0-1"]
[Round "04"]
[TimeControl "180+2"]
[Date "2023.05.31"]
[WhiteClock "0:00:07"]
[BlackClock "0:00:21"]

1. Nf3 d5 2. g3 Nf6 3. Bg2 e6 4. O-O Be7 5. d4 b5 6. a4 b4 7. c4 bxc3 8. Nxc3 O-O 9. Bf4 c5 10. Ne5 cxd4 11. Qxd4 Bb7 12. Rfd1 Qb6 13. Qxb6 axb6 14. Nb5 Na6 15. Nc4 Bc5 16. Ncd6 Bc6 17. e4 Nb4 18. e5 Ng4 19. Rd2 f6 20. exf6 Rxf6 21. h3 Nxf2 22. Kh2 e5 23. Bxe5 Re6 24. Nc7 Rxe5 25. Nxa8 Bxa8 26. Nc4 Re6 27. Rf1 Bc6 28. a5 dxc4 29. Rd8+ Kf7 30. Bxc6 Nxc6 31. Rd7+ Kg6 32. a6 b5 33. Rc7 Ba7 34. Rxa7 Nxa7 35. Rxf2 Rxa6 0-1


[Site "https://www.chess.com"]

[Event "Titled Tuesday Blitz May 30 Late 2023"]
[White "Melikyan, Gnel"]
[Black "Pasti, Aron"]
[WhiteFideId "54109990"]
[BlackFideId "785857"]
[WhiteElo "2138"]
[BlackElo "2173"]
[Result "1-0"]
[Round "04"]
[TimeControl "180+2"]
[Date "2023.05.31"]
[WhiteClock "0:01:59"]
[BlackClock "0:00:09"]

1. e4 c5 2. Nc3 Nc6 3. g3 g6 4. Bg2 Bg7 5. Nge2 d6 6. O-O e6 7. d3 Nge7 8. Be3 Rb8 9. Qd2 b5 10. a3 O-O 11. Bh6 a5 12. Bxg7 Kxg7 13. f4 b4 14. axb4 axb4 15. Nd1 f5 16. Ne3 d5 17. Rfd1 Nd4 18. Nxd4 cxd4 19. Nf1 Bb7 20. Re1 dxe4 21. dxe4 fxe4 22. Bxe4 Qb6 23. Bxb7 Rxb7 24. Re4 Nf5 25. Rae1 Rf6 26. Qd3 b3 27. Qxb3 Qxb3 28. cxb3 Rxb3 29. R1e2 h5 30. Kg2 Rb4 31. Rd2 Rf7 32. Rxe6 Rfb7 33. Ree2 Nd6 34. Kg1 Nf5 35. Kf2 Rb3 36. Kg1 Kf6 37. Kg2 d3 38. Rf2 Nd4 39. Ne3 Ne2 40. Nd1 Kf5 41. Rf3 Ke4 42. Nf2+ Kf5 43. Rfxd3 Rxb2 44. Rd5+ Kf6 45. Ne4+ Kf7 1-0


[Site "https://www.chess.com"]

[Event "Titled Tuesday Blitz May 30 Late 2023"]
[White "reevecanada"]
[Black "Annaberdiyev, Meylis"]
[BlackFideId "14000563"]
[WhiteElo "2457"]
[BlackElo "2416"]
[Result "1-0"]
[Round "04"]
[TimeControl "180+2"]
[Date "2023.05.31"]
[WhiteClock "0:00:07"]
[BlackClock "0:00:05"]

1. e4 c5 2. Nf3 Nc6 3. Bb5 d6 4. O-O Bd7 5. Re1 Nf6 6. c3 a6 7. Bf1 Bg4 8. h3 Bxf3 9. Qxf3 g6 10. d3 Bg7 11. Nd2 O-O 12. g3 b5 13. Bg2 Nd7 14. Qe2 Rc8 15. Nf1 b4 16. Bd2 Nb6 17. a4 Nd7 18. f4 Na5 19. Qd1 bxc3 20. Bxc3 Nc6 21. Nd2 Nd4 22. Nf3 Qb6 23. Rb1 Rb8 24. Nxd4 cxd4 25. Bd2 Nc5 26. Bf1 Nb3 27. Qe2 Rfc8 28. Qg2 Rc2 29. Re2 Qc6 30. a5 Qb5 31. Be1 Rc5 32. Rc2 Rbc8 33. Rc4 Rxc4 34. dxc4 Qa4 35. Qc2 Nc5 36. b3 Qd7 37. Kh2 Qb7 38. Bd3 e5 39. b4 Nxd3 40. Qxd3 f5 41. exf5 e4 42. Qb3 e3 43. fxg6 hxg6 44. b5 Qf3 45. b6 Qe2+ 46. Kg1 d3 47. c5+ Kh7 48. b7 Rb8 49. c6 d2 50. Qd1 dxe1=Q+ 51. Qxe1 Qc2 52. Rc1 Qe4 53. c7 Bd4 54. cxb8=Q e2+ 55. Kh2 Qf3 56. Qc7+ Kh6 57. b8=Q Bf2 58. Qh8# 1-0


[Site "https://www.chess.com"]

[Event "Titled Tuesday Blitz May 30 Late 2023"]
[White "Popilski, Gil"]
[Black "Nilsen, Tobias Lang"]
[WhiteFideId "2809060"]
[BlackFideId "1521624"]
[WhiteElo "2537"]
[BlackElo "2183"]
[Result "1-0"]
[Round "04"]
[TimeControl "180+2"]
[Date "2023.05.31"]
[WhiteClock "0:00:37"]
[BlackClock "0:01:35"]

1. c4 c5 2. g3 g6 3. Bg2 Bg7 4. Nc3 Nc6 5. Rb1 d6 6. a3 e6 7. b4 Nge7 8. Bb2 O-O 9. Ne4 Bxb2 10. Rxb2 f5 11. Nc3 e5 12. e3 Be6 13. Nd5 e4 14. Ne2 cxb4 15. Nef4 Bxd5 16. cxd5 Ne5 17. O-O bxa3 18. Rxb7 Rf7 19. d4 Nc4 20. Qa4 Nb6 21. Qxa3 Nbxd5 22. Nxd5 Nxd5 23. Rxf7 Kxf7 24. Qa2 Ke6 25. f3 Qg5 26. fxe4 Qxe3+ 27. Kh1 fxe4 28. Bh3+ Ke7 29. Qxd5 Rf8 30. Qb7+ Ke8 31. Qd7# 1-0


[Site "https://www.chess.com"]

[Event "Titled Tuesday Blitz May 30 Late 2023"]
[White "Zaitsev, Alexander"]
[Black "Arabidze, Meri"]
[WhiteFideId "4164490"]
[BlackFideId "13604040"]
[WhiteElo "2373"]
[BlackElo "2405"]
[Result "0-1"]
[Round "04"]
[TimeControl "180+2"]
[Date "2023.05.31"]
[WhiteClock "0:00:06"]
[BlackClock "0:00:38"]

1. e4 c5 2. Nf3 e6 3. g3 Nc6 4. Bg2 Nf6 5. Qe2 e5 6. O-O d6 7. Nc3 Be7 8. Nd5 O-O 9. c3 Be6 10. Ne1 Re8 11. Nc2 Bf8 12. Nxf6+ Qxf6 13. Ne3 Qd8 14. d3 Qd7 15. f4 f6 16. f5 Bf7 17. g4 Ne7 18. c4 Nc6 19. h4 Nd4 20. Qf2 b5 21. g5 Bh5 22. Re1 Rab8 23. Nd5 Qf7 24. Kh2 Kh8 25. Be3 bxc4 26. dxc4 Be7 27. Bxd4 cxd4 28. b3 fxg5 29. Bf3 Bxf3 30. Qxf3 gxh4 31. Nc7 Bg5 32. Nxe8 Rxe8 33. Rg1 Bf4+ 34. Kh3 Bg3 35. Rgc1 g5 36. c5 Rg8 37. Kg2 g4 38. Qd3 Bf4 39. Rc2 h3+ 40. Kh1 g3 41. cxd6 g2+ 0-1


[Site "https://www.chess.com"]

[Event "Titled Tuesday Blitz May 30 Late 2023"]
[White "Zheng, Richard"]
[Black "Grycel, Kamil"]
[WhiteFideId "2624893"]
[BlackFideId "1115499"]
[WhiteElo "2639"]
[BlackElo "2438"]
[Result "1-0"]
[Round "04"]
[TimeControl "180+2"]
[Date "2023.05.31"]
[WhiteClock "0:01:51"]
[BlackClock "0:00:30"]

1. d4 d6 2. c4 e5 3. Nf3 exd4 4. Nxd4 Nc6 5. Nxc6 bxc6 6. g3 Bd7 7. Nc3 Nf6 8. Bg2 Be7 9. O-O h5 10. h4 Ng4 11. Ne4 Bxh4 12. gxh4 Qxh4 13. Bf4 Qe7 14. Qd4 f6 15. Ng3 h4 16. Nf5 Bxf5 17. Bxc6+ Kf7 18. Bxa8 Rxa8 19. Qd5+ Kg6 20. Qxa8 Be4 21. Qc8 f5 22. f3 h3 23. fxg4 h2+ 24. Bxh2 Qh4 25. Qe8+ Kf6 26. Qd8+ 1-0


[Site "https://www.chess.com"]

[Event "Titled Tuesday Blitz May 30 Late 2023"]
[White "FromTexas54"]
[Black "Zhao, Erick"]
[BlackFideId "30946930"]
[WhiteElo "2437"]
[BlackElo "2631"]
[Result "1-0"]
[Round "04"]
[TimeControl "180+2"]
[Date "2023.05.31"]
[WhiteClock "0:00:25"]
[BlackClock "0:00:22"]

1. d4 d5 2. c4 e6 3. Nf3 Nd7 4. Nc3 dxc4 5. e4 Nb6 6. a4 a5 7. Be2 Bb4 8. Be3 Nf6 9. Qc2 O-O 10. Rd1 Bd7 11. Ra1 Bc6 12. e5 Nfd5 13. Ng5 g6 14. h4 Nxe3 15. fxe3 Bxg2 16. Rg1 Bc6 17. h5 Be8 18. hxg6 fxg6 19. Nxe6 Qh4+ 20. Kd2 Rf2 21. Nf4 Rxf4 22. Rh1 Rxd4+ 23. exd4 Qxd4+ 24. Ke1 Rd8 25. Rd1 Qe3 26. Rxd8 Qg3+ 27. Kd1 Qxe5 28. Qe4 Qxe4 29. Nxe4 Kf7 30. Rxh7+ Ke6 31. Rxe8+ Kf5 32. Rf7# 1-0


[Site "https://www.chess.com"]

[Event "Titled Tuesday Blitz May 30 Late 2023"]
[White "Hajiyev, Kanan"]
[Black "Isajevsky, Anton"]
[WhiteFideId "13404148"]
[BlackFideId "4142500"]
[WhiteElo "2103"]
[BlackElo "2510"]
[Result "1-0"]
[Round "04"]
[TimeControl "180+2"]
[Date "2023.05.31"]
[WhiteClock "0:00:15"]
[BlackClock "0:00:24"]

1. d4 e6 2. Nf3 Nf6 3. c4 d5 4. cxd5 exd5 5. Nc3 c6 6. Bg5 Be7 7. Qc2 Nbd7 8. e3 Nf8 9. Bd3 Ne6 10. Bh4 g6 11. O-O Ng7 12. Rab1 a5 13. a3 O-O 14. b4 axb4 15. axb4 Bf5 16. b5 Bxd3 17. Qxd3 Nf5 18. bxc6 bxc6 19. Bg5 Ra3 20. Qc2 Qa5 21. Rfc1 Rc8 22. Ne5 Kg7 23. Rb7 Qa6 24. Bxf6+ Kxf6 25. Nxd5+ Ke6 26. Nc7+ Rxc7 27. Rxc7 1-0


[Site "https://www.chess.com"]

[Event "Titled Tuesday Blitz May 30 Late 2023"]
[White "Papayan, Oleg"]
[Black "Bjelobrk, Igor"]
[WhiteFideId "4193911"]
[BlackFideId "4300726"]
[WhiteElo "2171"]
[BlackElo "2319"]
[Result "1-0"]
[Round "04"]
[TimeControl "180+2"]
[Date "2023.05.31"]
[WhiteClock "0:00:03"]
[BlackClock "0:00:03"]

1. e4 e6 2. d4 d5 3. Nc3 Bb4 4. e5 b6 5. Qg4 Bf8 6. h4 h5 7. Qg3 Ne7 8. Bg5 Qd7 9. Bb5 c6 10. Bd3 Ba6 11. Nge2 Bxd3 12. Qxd3 Nf5 13. Ng3 Nxg3 14. fxg3 c5 15. O-O-O Nc6 16. dxc5 bxc5 17. Rhe1 Be7 18. Bxe7 Qxe7 19. Nb5 O-O 20. Qf3 Rab8 21. Nd6 g6 22. Qe3 c4 23. c3 Rb6 24. Rf1 Nxe5 25. Qxe5 Qxd6 26. Qg5 Qd8 27. Rf6 e5 28. Rdf1 Rxf6 29. Qxf6 Qxf6 30. Rxf6 Rd8 31. Ra6 Rd7 32. b4 Kg7 33. a4 f5 34. a5 d4 35. b5 d3 36. b6 axb6 37. axb6 Kf7 38. Ra7 Ke6 39. b7 Rxb7 40. Rxb7 f4 41. gxf4 e4 42. Kd2 Kf5 43. Rb5+ Kxf4 44. Rg5 e3+ 45. Ke1 Ke4 46. Rxg6 e2 47. Kd2 Kf4 48. Rg5 Ke4 49. Rxh5 Kf4 50. Rg5 Ke4 51. Rg4+ Kf5 52. Rxc4 1-0


[Site "https://www.chess.com"]

[Event "Titled Tuesday Blitz May 30 Late 2023"]
[White "Pein, Jonathan"]
[Black "Bernabeu Lopez, Carlos Javier"]
[WhiteFideId "417092"]
[BlackFideId "2235366"]
[WhiteElo "2151"]
[BlackElo "2344"]
[Result "0-1"]
[Round "04"]
[TimeControl "180+2"]
[Date "2023.05.31"]
[WhiteClock "0:00:24"]
[BlackClock "0:00:36"]

1. b3 e5 2. Bb2 Nc6 3. e3 Nf6 4. g3 d5 5. Bg2 Bg4 6. Ne2 Qd7 7. h3 Be6 8. d3 h5 9. a3 a5 10. Nd2 Be7 11. Nf3 Bd6 12. Ng5 Bf5 13. e4 dxe4 14. Nxe4 Nxe4 15. dxe4 Be6 16. Nc3 O-O-O 17. Nd5 Kb8 18. Qd3 Ne7 19. O-O-O Nxd5 20. exd5 Bf5 21. Qc3 a4 22. b4 Rhe8 23. Kb1 f6 24. Bc1 g5 25. h4 g4 26. Rhe1 Qh7 27. Be3 Bd7 28. Bf1 Qe7 29. Bd3 Qf7 30. Bc4 Rc8 31. b5 b6 32. Ka2 Kb7 33. Rb1 Ra8 34. Red1 Qe7 35. Bd3 f5 36. Bg5 Qf7 37. Bc4 e4 38. Be3 Qe7 39. Bd4 Be5 40. Ka1 Bxd4 41. Qxd4 Qxa3+ 42. Ba2 Qd6 43. Rb4 e3 44. fxe3 Re4 45. c3 Rxd4 46. exd4 Qxg3 47. c4 Qc3+ 48. Rb2 a3 0-1


[Site "https://www.chess.com"]

[Event "Titled Tuesday Blitz May 30 Late 2023"]
[White "Krishnan, Varun"]
[Black "Rangel, Daniel"]
[WhiteFideId "5054508"]
[BlackFideId "2124475"]
[WhiteElo "2614"]
[BlackElo "2256"]
[Result "0-1"]
[Round "04"]
[TimeControl "180+2"]
[Date "2023.05.31"]
[WhiteClock "0:01:02"]
[BlackClock "0:00:07"]

1. d4 Nf6 2. c4 e6 3. Nc3 d5 4. cxd5 exd5 5. Bg5 c6 6. e3 Be6 7. Bd3 Bd6 8. Nge2 Nbd7 9. O-O a6 10. Qc2 Bxh2+ 11. Kh1 Bd6 12. Nf4 h6 13. Nxe6 hxg5+ 14. Kg1 Bh2+ 15. Kh1 fxe6 16. e4 Ke7 17. exd5 cxd5 18. Rfe1 Rh6 19. Bf5 Qh8 20. Bxe6 Kf8 21. Bh3 Rxh3 22. gxh3 Qxh3 23. Re3 Qh4 24. Kg2 Bf4 25. Ree1 Qg4+ 26. Kf1 Qh3+ 27. Kg1 Qh2+ 28. Kf1 Qh1+ 29. Ke2 Re8+ 30. Kd3 Qf3+ 31. Re3 Rxe3+ 32. Kd2 Rxc3+ 33. Ke1 Rxc2 34. Rc1 Rxc1# 0-1


[Site "https://www.chess.com"]